 Dungeon Crawl Stone Soup version 0.22-a0-443-g17c3723 (webtiles) character file.

47158 4thArraOfDagon the Martial Artist (level 14, -4/109 HPs)
             Began as a Halfling Monk on June 1, 2018.
             Was a Priest of Cheibriados.
             Killed from afar by a deep elf mage (21 damage)
             ... with a lance of force
             ... on level 2 of the Elven Halls.
             The game lasted 00:51:19 (9654 turns).

4thArraOfDagon the Martial Artist (Halfling Monk)   Turns: 9654, Time: 00:51:19

Health: -4/109     AC: 12    Str: 19    XL:     14   Next: 80%
Magic:  21/21      EV: 28    Int: 19    God:    Cheibriados [***...]
Gold:   1070       SH:  0    Dex: 25    Spells: 12/20 levels left

rFire    + + .     SeeInvis .     - Unarmed
rCold    . . .     Gourm    .   (shield restricted)
rNeg     . . .     Faith    .   P - +4 troll leather armour
rPois    .         Spirit   .   K - +0 helmet
rElec    .         Reflect  .   (no cloak)
rCorr    .         Harm     .   d - +1 pair of gloves
MR       +....                  (no boots)
Stlth    +.........             i - amulet of regeneration
HPRegen  1.08/turn              q - ring of protection from fire
MPRegen  0.17/turn              m - ring of protection from fire

@: confused, lethally poisoned (-4 -> -8), very slow
A: small, rugged brown scales 1, mutation resistance 1, robust 1
a: Bend Time, Temporal Distortion, Renounce Religion


You were on level 2 of the Elven Halls.
You worshipped Cheibriados.
Cheibriados was most pleased with you.
You were hungry.

You visited 3 branches of the dungeon, and saw 19 of its levels.

You collected 1541 gold pieces.
You spent 471 gold pieces at shops.

Inventory:

Hand Weapons
 M - a +3 bardiche of flaming
Missiles
 A - 2 tomahawks of dispersal (quivered)
Armour
 a - a +0 robe
 d - a +1 pair of gloves (worn)
 j - the +1 robe of the Enchanted Forest {Str+2 Dex+4}
   (You found it on level 1 of the Elven Halls)

   It affects your strength (+2).
   It affects your dexterity (+4).
 n - a +3 leather armour of fire resistance
 H - a cursed +0 ring mail
 K - a +0 helmet (worn)
 P - a +4 troll leather armour (worn)
Magical Staves
 N - an uncursed staff of air
Jewellery
 i - an amulet of regeneration (around neck)
 m - a ring of protection from fire (right hand)
 q - a ring of protection from fire (left hand)
 t - an uncursed ring of magical power
 u - an uncursed ring of see invisible
 v - an uncursed ring of protection from magic
Wands
 E - a wand of flame (27)
Scrolls
 o - 5 scrolls of remove curse
 p - 3 scrolls of amnesia {unknown}
 r - 2 scrolls of immolation
 s - a scroll of blinking {unknown}
 x - a scroll of enchant weapon
 y - a scroll of noise {unknown}
 F - 2 scrolls of vulnerability {unknown}
 G - a scroll of holy word {unknown}
 J - a scroll of magic mapping
 L - a scroll of torment {unknown}
Potions
 e - 2 potions of brilliance
 h - a potion of haste
 k - a potion of ambrosia
 l - a potion of magic
 w - a potion of berserk rage
 z - a potion of flight
 B - 2 potions of mutation
Comestibles
 b - 26 rations


   Skills:
 - Level 9.0 Fighting
 + Level 12.4 Dodging
 - Level 2.1 Stealth
 * Level 13.1 Unarmed Combat
 + Level 3.8 Spellcasting
 * Level 7.5 Earth Magic
 - Level 10.0 Invocations


You had 12 spell levels left.
You knew the following spells:

 Your Spells              Type           Power        Failure   Level  Hunger
a - Apportation           Tloc           #.....       17%         1    None
b - Passwall              Tmut/Erth      ###.....     5%          2    ##.....
c - Lee's Rapid Deconstr  Erth           ####......   21%         5    ######.

Your spell library contained the following spells:

 Spells                   Type           Power        Failure   Level  Hunger
 Invisibility             Hex            #.......     100%        6    #######
 Summon Small Mammal      Summ           #...         17%         1    None
 Summon Ice Beast         Ice/Summ       #.......     86%         4    ####...
 Call Imp                 Summ           #.......     26%         2    ##.....
 Regeneration             Chrm/Necr      #.........   45%         3    ###....
 Tukima's Dance           Hex            #.......     45%         3    ###....
 Stone Arrow              Conj/Erth      ###...       11%         3    ###....
 Call Canine Familiar     Summ           #.......     45%         3    ###....
 Summon Butterflies       Summ           #.......     17%         1    None
 Alistair's Intoxication  Tmut/Pois      #.......     99%         5    ######.
 Sandblast                Erth           ####..       1%          1    None
 Petrify                  Tmut/Erth      ###.....     34%         4    ####...
 Shroud of Golubria       Chrm/Tloc      #.........   26%         2    ##.....
 Infusion                 Chrm           #...         17%         1    None
 Song of Slaying          Chrm           #.......     26%         2    ##.....
 Spectral Weapon          Hex/Chrm       #.......     45%         3    ###....
 Summon Lightning Spire   Summ/Air       #.......     86%         4    ####...
 Summon Guardian Golem    Hex/Summ       #.......     45%         3    ###....
 Lesser Beckoning         Tloc           #.........   45%         3    ###....


Dungeon Overview and Level Annotations

Branches:
Dungeon (15/15)               Orc (2/2) D:9             Elf (2/3) Orc:2
 Temple: D:4-7         Lair: D:8-11      Vaults: D:13-14     Depths: D:15

Altars:
Ashenzari
Cheibriados
Dithmenos
Elyvilon
Fedhas
Hepliaklqana
Makhleb
Okawaru
Trog
Xom
Zin
The Shining One
Beogh

Shops:
Orc:2 **(*

Annotations:
D:10 Urug
D:14 Gorglomux's ghost, journeyman GrFi; Rupert
Orc:2 Leszczynek's ghost, journeyman NaVM
Elf:2 3 runed doors, Donald


Innate Abilities, Weirdness & Mutations

You are small and have problems with some larger weapons.
You are somewhat resistant to further mutation.
You are partially covered in rugged brown scales. (AC +1, +3% HP)
You are robust. (+10% HP)


Message History

Cheibriados rebukes the deep elf mage.
The deep elf mage seems to slow down.
The redback easily resists.
You feel slightly more hungry.
You feel sick. The redback closely misses you.
The deep elf mage mumbles some strange words.
The deep elf mage blinks!
The deep elf mage casts a spell.
The deep elf mage blinks!
The redback completely misses you.
The deep elf mage hits you with a short sword.
* * * LOW HITPOINT WARNING * * *
Unknown command.
You punch the deep elf mage! You punch the deep elf mage.
The deep elf mage is heavily wounded.
You feel sick. The redback completely misses you.
Unknown command.
Unknown command.
You are confused.
You feel invigorated.
You feel sick. The redback closely misses you.
The deep elf mage points at you and mumbles some strange words.
The lance of force hits you!
You die...

,,,,** **,,,**,,,,,,,,,,,,,,,,,#E
,,,,,***,,,***,,,,,,,,,,,,,,,,,#.
,,,,,,*,,,** #.,,,,,,,,,,,,,,,,#.
,,,,,,,,,,** #.,,,,>...,,,,,,,,#.
,,,,,,,,,,,**#.,,,,,..,,,,,,,,,#.
,,,,,,,,,,,,*#.#,*,#.#,*,*,,,,,##
,,,,,,,,,,,,*#..,,,..,,,..,,,,,,,
,,,,,,,,,,,,*######'###..#.,,,,,,
,,,,,,,,,,,+*#§.@#....##...,,,,**
,,,,,,,,,,*+,+*es#§§...#.#.,,,,*,
,,,,,,,,,,**,+.e3r..3..#...,,,,+,
,,,,,,,,,,*+,+...#§....#.#,,,,,*,
,,,,,,,,,,,+*#...#.)..##..,,,,,*,
,,,,,,,,,,,,*######'###..#,,>,,*,
,,,,,,,,,,,,*#.............,,,,*,
,,,,,,,,,,,,*#.#.#.#.#.#.#.,,,,*,
,,,,,,,,,,,**#...........,,,,,,*,


You could see 2 deep elf magi, a smoke demon, a redback, a hell rat and a
battlesphere.

Vanquished Creatures
  An orc warlord (Orc:2)
  A great orb of eyes (D:13)
  A centaur warrior (D:15)
  A dancing weapon (Elf:2)
  8 two-headed ogres
  A tengu warrior (D:13)
  4 orc high priests (Orc:2)
  Nergalle (D:12)
  2 unseen horrors
  2 orc sorcerers (Orc:2)
  10 orc knights
  12 deep elf magi
  2 manticores (D:13)
  2 ugly things
  2 cyclopes
  2 centaur zombies (D:14)
  An efreet (D:14)
  5 trolls
  A hornet (D:12)
  The ghost of emperorscorpion the Sneak, a novice SpEn (D:3)
  5 slime creatures (D:12)
  A meliai zombie (D:11)
  An air elemental (Elf:2)
  5 hippogriffs
  Sigmund (D:5)
  2 wraiths
  A spriggan (D:11)
  16 yaks
  Eustachio (D:6)
  10 vampire mosquitoes
  2 steam dragons
  2 hungry ghosts
  Edmund (D:4)
  A soldier ant (shapeshifter) (D:14)
  An acid dragon (D:14)
  6 wargs
  A water moccasin (D:14)
  39 orc warriors
  4 ice beasts
  A necrophage (D:8)
  2 black bears
  2 phantoms
  15 ogres
  4 sky beasts
  3 wolves (D:8)
  15 centaurs
  A crocodile (D:8)
  3 big kobolds
  7 bullfrogs
  An earth elemental (Elf:2)
  3 scorpions
  7 howler monkeys
  2 quasits
  A bullfrog zombie (D:8)
  2 bullfrog skeletons
  A jelly (D:8)
  28 orc wizards
  25 orc priests
  3 centaur skeletons
  6 iguanas
  6 worker ants
  Ijyb (D:2)
  2 hound zombies
  A hound skeleton (D:4)
  3 gnolls (D:5)
  A worker ant zombie (D:10)
  14 adders
  A howler monkey skeleton (D:10)
  5 shadow imps
  2 oozes
  2 adder skeletons (D:8)
  4 worms
  2 dart slugs (D:1)
  4 leopard geckos
  100 orcs
  3 giant cockroaches
  12 goblins
  6 jackals
  4 quokkas
  2 ball pythons (D:3)
  6 bats
  4 frilled lizards
  22 kobolds
  A leopard gecko skeleton (D:4)
  A quokka skeleton (D:5)
  8 rats
509 creatures vanquished.

Vanquished Creatures (others)
  A kobold (D:12)
1 creature vanquished.

Grand Total: 510 creatures vanquished

Notes
Turn   | Place    | Note
-------+----------+-------------------------------------------
     0 | D:1      | 4thArraOfDagon the Halfling Monk began the quest for the Orb.
     0 | D:1      | Reached XP level 1. HP: 15/15 MP: 1/1
   168 | D:2      | Found a hazy altar of Hepliaklqana.
   182 | D:2      | Reached XP level 2. HP: 20/20 MP: 2/2
   346 | D:3      | Noticed emperorscorpion's ghost (novice SpEn)
   377 | D:2      | Noticed Ijyb
   417 | D:2      | Reached XP level 3. HP: 25/25 MP: 3/3
   463 | D:3      | Found a blossoming altar of Fedhas.
   574 | D:3      | Found a white marble altar of Elyvilon.
   627 | D:3      | Reached skill level 3 in Unarmed Combat
   844 | D:4      | Noticed a bullfrog
   850 | D:4      | Gained mutation: You are robust. (+10% HP) [potion of mutation]
   850 | D:4      | Gained mutation: You are partially covered in rugged brown scales. (AC +1, +3% HP) [potion of mutation]
   854 | D:4      | Killed a bullfrog
   854 | D:4      | Reached XP level 4. HP: 12/35 MP: 4/4
   854 | D:4      | Reached XP level 5. HP: 13/40 MP: 5/5
   860 | D:5      | Entered Level 5 of the Dungeon
   879 | D:5      | Reached skill level 4 in Unarmed Combat
   889 | D:5      | Reached XP level 6. HP: 25/47 MP: 6/6
   986 | D:5      | Noticed Sigmund
  1018 | D:5      | Reached skill level 5 in Dodging
  1065 | D:5      | Found a glowing golden altar of the Shining One.
  1069 | D:5      | Found a snail-covered altar of Cheibriados.
  1069 | D:5      | Found a glowing silver altar of Zin.
  1071 | D:5      | Found a shimmering altar of Xom.
  1077 | D:5      | Became a worshipper of Cheibriados the Contemplative
  1077 | D:5      | Reached * piety under Cheibriados
  1077 | D:5      | Reached ** piety under Cheibriados
  1491 | D:2      | Killed Ijyb
  1605 | D:3      | Reached XP level 7. HP: 47/51 MP: 7/7
  1619 | D:3      | Killed emperorscorpion's ghost
  1619 | D:3      | Reached skill level 5 in Unarmed Combat
  1619 | D:3      | Reached skill level 1 in Invocations
  1792 | D:4      | Reached *** piety under Cheibriados
  1818 | D:4      | Found a shadowy altar of Dithmenos.
  1863 | D:4      | Noticed Edmund
  1900 | D:4      | Killed Edmund
  1900 | D:4      | Reached XP level 8. HP: 35/61 MP: 9/9
  2143 | D:5      | Killed Sigmund
  2143 | D:5      | Reached skill level 6 in Unarmed Combat
  2171 | D:5      | Found a burning altar of Makhleb.
  2369 | D:5      | Reached XP level 9. HP: 66/66 MP: 11/11
  2417 | D:5      | Noticed a moth of wrath
  2420 | D:5      | Found a bloodstained altar of Trog.
  2497 | D:6      | Found an iron altar of Okawaru.
  2524 | D:6      | Reached **** piety under Cheibriados
  2540 | D:6      | Noticed Eustachio
  2572 | D:6      | Reached skill level 7 in Unarmed Combat
  2609 | D:6      | Killed Eustachio
  2609 | D:6      | Reached skill level 5 in Fighting
  3103 | D:7      | Reached skill level 5 in Invocations
  3271 | D:8      | Noticed a hippogriff
  3297 | D:8      | Killed a hippogriff
  3320 | D:8      | Reached XP level 10. HP: 68/73 MP: 14/14
  3503 | D:8      | Reached skill level 8 in Unarmed Combat
  3790 | D:8      | Reached ***** piety under Cheibriados
  3872 | D:9      | Found a staircase to the Orcish Mines.
  3979 | D:9      | Found a shattered altar of Ashenzari.
  4044 | D:10     | Entered Level 10 of the Dungeon
  4048 | D:10     | Noticed a two-headed ogre
  4056 | D:10     | Killed a two-headed ogre
  4127 | D:10     | Noticed a two-headed ogre
  4140 | D:10     | Killed a two-headed ogre
  4140 | D:10     | Reached skill level 9 in Unarmed Combat
  4140 | D:10     | Reached XP level 11. HP: 70/82 MP: 16/16
  4144 | D:10     | Noticed Urug
  4545 | D:11     | Noticed a green ugly thing
  4841 | D:11     | Noticed a cyclops
  4855 | D:11     | Killed a cyclops
  4903 | D:11     | Reached skill level 10 in Unarmed Combat
  4975 | D:11     | Killed a purple ugly thing
  5112 | D:12     | Noticed a two-headed ogre
  5119 | D:12     | Killed a two-headed ogre
  5157 | D:12     | Reached XP level 12. HP: 35/91 MP: 18/18
  5174 | D:12     | Killed an unseen horror
  5214 | D:12     | Learned a level 1 spell: Apportation
  5235 | D:12     | Noticed a two-headed ogre
  5246 | D:12     | Killed a two-headed ogre
  5246 | D:12     | Reached skill level 10 in Dodging
  5305 | D:12     | Noticed a two-headed ogre
  5318 | D:12     | Killed a two-headed ogre
  5693 | D:12     | Reached skill level 11 in Unarmed Combat
  5725 | D:12     | Noticed Nergalle
  5741 | D:12     | Killed Nergalle
  5942 | D:13     | Noticed a great orb of eyes
  5952 | D:13     | Killed a great orb of eyes
  6136 | D:14     | Reached XP level 13. HP: 83/100 MP: 20/20
  6145 | D:14     | Noticed Gorglomux's ghost (journeyman GrFi)
  6239 | D:14     | Reached ****** piety under Cheibriados
  6246 | D:15     | Entered Level 15 of the Dungeon
  6297 | D:15     | Noticed a centaur warrior
  6305 | D:15     | Killed a centaur warrior
  6509 | D:13     | Reached skill level 10 in Invocations
  6552 | D:14     | Noticed Rupert
  6578 | D:14     | Learned a level 2 spell: Passwall
  6584 | D:14     | Learned a level 5 spell: Lee's Rapid Deconstruction
  6613 | D:13     | Reached skill level 1 in Earth Magic
  6641 | D:13     | Reached skill level 12 in Unarmed Combat
  6738 | D:15     | Reached skill level 1 in Spellcasting
  7060 | Orc:1    | Entered Level 1 of the Orcish Mines
  7421 | Orc:2    | Entered Level 2 of the Orcish Mines
  7646 | Orc:2    | Noticed Leszczynek's ghost (journeyman NaVM)
  8128 | Orc:2    | Found a staircase to the Elven Halls.
  8215 | Orc:2    | Reached XP level 14. HP: 78/108 MP: 21/21
  8268 | Orc:2    | Reached skill level 5 in Earth Magic
  8312 | Orc:2    | Noticed an orc warlord
  8335 | Orc:2    | Killed an orc warlord
  8351 | Orc:2    | Found a roughly hewn altar of Beogh.
  8431 | Orc:2    | Found Oliorphuu's General Store.
  8441 | Orc:2    | Bought a potion of heal wounds for 70 gold pieces
  8441 | Orc:2    | Bought a scroll of teleportation for 42 gold pieces
  8441 | Orc:2    | Bought a scroll of identify for 28 gold pieces
  8590 | Orc:2    | Found Meerph's Assorted Antiques.
  8602 | Orc:2    | Bought a scroll of teleportation for 78 gold pieces
  8602 | Orc:2    | Bought a potion of heal wounds for 130 gold pieces
  8602 | Orc:2    | Bought a scroll of teleportation for 78 gold pieces
  8714 | Orc:2    | Found a roughly hewn altar of Beogh.
  8737 | Orc:2    | Found Liremok's General Store.
  8816 | Orc:2    | Was placed under penance by Cheibriados
  8843 | Orc:2    | Bought a potion of lignification for 45 gold pieces
  8866 | Orc:2    | Found Leapnon's Antique Weapon Shop.
  8973 | Orc:2    | Was forgiven by Cheibriados
  9013 | Orc:2    | Reached skill level 13 in Unarmed Combat
  9226 | Elf:1    | Entered Level 1 of the Elven Halls
  9260 | Elf:1    | Got a distressingly furry robe
  9290 | Elf:1    | Identified the cursed +1 robe of the Enchanted Forest {Str+2 Dex+4} (You found it on level 1 of the Elven Halls)
  9460 | Elf:2    | Noticed Donald
  9530 | Elf:2    | Found a runed gate.
  9530 | Elf:2    | Found a runed gate.
  9530 | Elf:2    | Found a runed gate.
  9654 | Elf:2    | Killed from afar by a deep elf mage

Vault maps used:
D:1:      eino_arrival_water_star, minmay_tetromino_l2
D:2:      kennysheep_the_goblin_king, old_standard_altar
D:3:      old_standard_altar, elyvilon_altar_5, first_ration
D:4:      nicolae_dithmenos_through_a_glass_darkly, grunt_ministairs_7,
          uniq_edmund
D:5:      nicolae_overflow_hidden_temple, minitemple, bloody_makhleb,
          lemuel_temple_firewalk_b, tgw_trog, uniq_sigmund
D:6:      okawaru_trees_2, hangedman_decor_push, uniq_eustachio
D:7:      serial_curves, eino_curves_01, eino_curves_04,
          kennysheep_decorative_pillar, lemuel_another_geyser
D:8:      uniq_grum
D:9:      old_standard_altar, lair_entry_dummy, david_orc_3
D:10:     uniq_urug
D:11:     the_bakery
D:12:     uniq_nergalle
D:14:     david_vaults_5, hangedman_decor_diamond_cutter,
          kennysheep_generic_room_6, uniq_rupert
D:15:     hangedman_depths_entry_civil_slaughter, minivault_4, spider_trap
Orc:2:    pubby_orc_utopia
Elf:1:    serial_shops, nicolae_shop_crystal, minmay_elf_crystal_heptagon,
          uniq_louise, uniq_kirke
Elf:2:    serial_shops, shop, uniq_aizul, uniq_donald

Skill      XL: |  1  2  3  4  5  6  7  8  9 10 11 12 13 14 |
---------------+-------------------------------------------+-----
Fighting       | 3 4 5 6 7 8 9 |  9.0
Unarmed Combat | 3 4 5 6 7 9 10 11 12 13 | 13.1
Dodging        | 4 5 6 7 8 9 10 11 12 | 12.4
Invocations    | 2 3 5 6 8 9 10 | 10.0
Earth Magic    | 4 7 |  7.5
Spellcasting   | 2 3 |  3.8
Stealth        | |  2.1

Action                   |  1- 3 |  4- 6 |  7- 9 | 10-12 | 13-15 || total
-------------------------+-------+-------+-------+-------+-------++-------
Melee: Unarmed           |    91 |   198 |   380 |   758 |   838 ||  2265
       Punch             |     1 |     6 |    28 |    82 |    78 ||   195
Invok: Bend Time         |       |     2 |       |       |     2 ||     4
       Slouch            |       |       |       |     6 |    15 ||    21
       Temporal Distorti |       |       |       |     1 |     7 ||     8
Evoke: Wand              |       |       |    16 |     5 |     7 ||    28
  Use: Scroll            |     4 |     2 |     3 |     4 |    15 ||    28
       Potion            |     4 |       |       |     1 |    10 ||    15
 Stab: Sleeping          |     6 |     3 |     6 |     7 |    13 ||    35
       Distracted        |       |       |     1 |     2 |     2 ||     5
  Eat: Chunk             |       |     2 |     6 |     8 |    12 ||    28
Armor: Robe              |    21 |    18 |       |       |       ||    39
       Leather armour    |       |     5 |    76 |   104 |    37 ||   222
       Skin              |       |       |       |     4 |    10 ||    14
       Troll leather arm |       |       |       |       |    52 ||    52
Dodge: Dodged            |    74 |   180 |   372 |   813 |   838 ||  2277

Table legend:
 A = Spawn XP
 B = Non-spawn XP
 C = Spawn XP percentage of total XP
 D = Spawn monster count
 E = Non-spawn monster count
 F = Spawn count percentage of total count
 G = Total turns spent on level
                    A         B        C        D         E        F      G
               +---------+---------+-------+---------+---------+-------+---------
         Total |       0 |   67369 |   0.0 |       0 |     509 |   0.0 |  9654
               +---------+---------+-------+---------+---------+-------+---------
           D:1 |       0 |      36 |   0.0 |       0 |      19 |   0.0 |   306
           D:2 |       0 |      82 |   0.0 |       0 |      16 |   0.0 |   453
           D:3 |       0 |     383 |   0.0 |       0 |      25 |   0.0 |   676
           D:4 |       0 |     706 |   0.0 |       0 |      20 |   0.0 |   508
           D:5 |       0 |     792 |   0.0 |       0 |      31 |   0.0 |   540
           D:6 |       0 |    1019 |   0.0 |       0 |      14 |   0.0 |   460
           D:7 |       0 |     385 |   0.0 |       0 |       5 |   0.0 |   328
           D:8 |       0 |    1625 |   0.0 |       0 |      22 |   0.0 |   499
           D:9 |       0 |    1478 |   0.0 |       0 |      12 |   0.0 |   383
          D:10 |       0 |    3016 |   0.0 |       0 |      24 |   0.0 |   468
          D:11 |       0 |    5631 |   0.0 |       0 |      49 |   0.0 |   654
          D:12 |       0 |   10184 |   0.0 |       0 |      67 |   0.0 |   774
          D:13 |       0 |    5029 |   0.0 |       0 |      16 |   0.0 |   324
          D:14 |       0 |    5170 |   0.0 |       0 |      18 |   0.0 |   556
          D:15 |       0 |    1812 |   0.0 |       0 |       3 |   0.0 |   163
         Orc:1 |       0 |     944 |   0.0 |       0 |      14 |   0.0 |   395
         Orc:2 |       0 |   22082 |   0.0 |       0 |     141 |   0.0 |  1739
         Elf:1 |       0 |    1741 |   0.0 |       0 |       3 |   0.0 |   114
         Elf:2 |       0 |    5254 |   0.0 |       0 |      10 |   0.0 |   314
               +---------+---------+-------+---------+---------+-------+---------
